 Dungeon Crawl Stone Soup version 0.28.0-53-g5a82cb258f (webtiles) character file.

Game seed: 13293624274678423372

1560 sanboga the Chopper (level 8, -4/51 HPs)
             Began as a Gargoyle Fighter on July 4, 2022.
             Slain by a komodo dragon (15 damage)
             ... on level 5 of the Dungeon on July 5, 2022.
             The game lasted 00:04:10 (5054 turns).

sanboga the Chopper (Gargoyle Fighter)              Turns: 5054, Time: 00:04:11

Health: -4/51      AC: 15    Str: 22    XL:     8   Next: 89%
Magic:  8/8        EV:  9    Int:  9    God:
Gold:   253        SH:  5    Dex:  9    Spells: 7/7 levels left

rFire   . . .      SeeInvis .   a - +0 war axe
rCold   . . .      Faith    .   c - +0 buckler
rNeg    + . .      Spirit   .   b - +0 scale mail
rPois   ∞          Reflect  .   (no helmet)
rElec   +          Harm     .   m - +0 cloak
rCorr   .          Rampage  .   f - +0 pair of gloves
Will    .....                   (no boots)
Stlth   ..........              (no amulet)
HPRegen 0.17/turn               (no ring)
MPRegen 0.11/turn               (no ring)

@: no status effects
A: sickness immunity, AC +5, negative energy resistance 1, electricity
resistance, torment resistance 1, petrification resistance
a: no special abilities


You were on level 5 of the Dungeon.
You visited 1 branch of the dungeon, and saw 5 of its levels.

You collected 253 gold pieces.

Inventory:

Hand Weapons
 a - a +0 war axe (weapon)
Armour
 b - a +0 scale mail (worn)
 c - a +0 buckler (worn)
 f - a +0 pair of gloves (worn)
 m - a +0 cloak (worn)
Scrolls
 i - 2 scrolls of identify {unknown}
 k - 4 scrolls of amnesia {unknown}
 n - a scroll of summoning {unknown}
 o - 2 scrolls of noise {unknown}
 p - 2 scrolls of immolation {unknown}
 q - a scroll of teleportation {unknown}
 r - a scroll of fear {unknown}
 s - 3 scrolls of enchant armour {unknown}
Potions
 d - a potion of might
 e - 2 potions of heal wounds
 g - 3 potions of degeneration {unknown}
 h - a potion of lignification {unknown}
 j - 3 potions of curing {unknown}
 l - a potion of flight {unknown}


   Skills:
 + Level 6.2 Fighting
 * Level 6.5 Axes
 + Level 6.2 Armour
 + Level 6.2 Shields


You had 7 spell levels left.
You didn't know any spells.
Your spell library contained the following spells:

 Spells                   Type           Power      Damage    Failure   Level
 Freeze                   Ice            0%         1d3       77%         1
 Frozen Ramparts          Ice            0%         1d2       98%         3
 Gell's Gravitas          Tloc           0%         N/A       98%         3
 Lesser Beckoning         Tloc           0%         N/A       98%         3
 Teleport Other           Tloc           0%         N/A       98%         3
 Hailstorm                Conj/Ice       0%         3d3       100%        4


Dungeon Overview and Level Annotations

Branches:
Dungeon (5/15)
 Temple: D:4-7

Altars:


Innate Abilities, Weirdness & Mutations

You are immune to sickness and miasma.
Your stone body is resilient. (AC +5)
You are immune to poison.
You resist negative energy. (rN+)
You are resistant to electric shocks. (rElec)
You are resistant to unholy torment.
You are immune to petrification.


Message History

The komodo dragon misses you. The komodo dragon barely misses you.
You hit the komodo dragon.
The komodo dragon is lightly wounded.
The komodo dragon misses you.
You barely miss the komodo dragon.
The komodo dragon is lightly wounded.
You block the komodo dragon's attack.
You closely miss the komodo dragon.
The komodo dragon is lightly wounded.
The komodo dragon bites you!
You hit the komodo dragon but do no damage.
The komodo dragon is lightly wounded.
The komodo dragon bites you but does no damage.
You barely miss the komodo dragon.
The komodo dragon is lightly wounded.
The komodo dragon bites you!!
Ouch! That really hurt!
* * * LOW HITPOINT WARNING * * *
The komodo dragon bites you but does no damage.
You are too injured to fight recklessly!
It was a potion of heal wounds.
You feel much better. The komodo dragon barely misses you.
You barely miss the komodo dragon.
The komodo dragon is lightly wounded.
You block the komodo dragon's attack.
You slash the komodo dragon!
The komodo dragon is moderately wounded.
The komodo dragon bites you!!
You hit the komodo dragon.
The komodo dragon is moderately wounded.
The komodo dragon closely misses you.
You slash the komodo dragon!
The komodo dragon is heavily wounded.
The komodo dragon barely misses you.
You hit the komodo dragon but do no damage.
The komodo dragon is heavily wounded.
The komodo dragon bites you!
* * * LOW HITPOINT WARNING * * *
The komodo dragon bites you!
You die...

...####.#####.#..#.......#
#.### ...#
#.............)....# #.#
...# ######.#############
#.# ...# #.# #.# #.##
#.### ##########.# #.#
..... #..........# #.##.
#.#####.#### #.##.####.#
#.# #....@....# #.#
....##l####.# #.# . ...
#.#####.# #.### #.......#
# #########


You could see a komodo dragon.

Vanquished Creatures
  A centaur zombie (D:5)
  Eustachio (D:4)
  A necrophage (D:5)
  An ogre (D:5)
  A phantom (D:4)
  4 scorpions
  A water moccasin zombie (D:5)
  4 wights (D:5)
  Crazy Yiuf (D:2)
  A centaur skeleton (D:3)
  2 hounds
  An iguana (D:5)
  Jessica (D:2)
  A gnoll shaman (D:5)
  2 orc wizards
  2 hound skeletons
  2 adders
  5 gnolls (D:5)
  An ufetubus (D:4)
  4 dart slugs
  5 orcs
  10 endoplasms
  6 giant cockroaches
  7 goblins
  4 hobgoblins
  3 jackals (D:4)
  6 kobolds
  A quokka (D:1)
  4 ball pythons
  6 bats
  4 frilled lizards
  7 rats
100 creatures vanquished.

Notes
Turn   | Place    | Note
-------+----------+-------------------------------------------
     0 | D:1      | sanboga the Gargoyle Fighter began the quest for the Orb.
     0 | D:1      | Reached XP level 1. HP: 14/14 MP: 1/1
    88 | D:1      | Reached XP level 2. HP: 19/19 MP: 2/2
   637 | D:1      | Reached XP level 3. HP: 23/23 MP: 3/3
   983 | D:2      | Noticed Jessica
   991 | D:2      | Killed Jessica
   992 | D:2      | Reached XP level 4. HP: 12/29 MP: 4/4
  1433 | D:2      | Found a faded altar of an unknown god.
  1606 | D:2      | Found a runed translucent door.
  1607 | D:2      | Noticed Crazy Yiuf
  1616 | D:2      | Killed Crazy Yiuf
  2043 | D:3      | Reached XP level 5. HP: 21/33 MP: 5/5
  2669 | D:4      | Reached XP level 6. HP: 33/39 MP: 6/6
  3124 | D:4      | Noticed Eustachio
  3158 | D:4      | Killed Eustachio
  3159 | D:4      | Reached XP level 7. HP: 17/44 MP: 7/7
  3729 | D:5      | Entered Level 5 of the Dungeon
  3758 | D:5      | Reached skill level 5 in Armour
  3793 | D:5      | Reached skill level 5 in Fighting
  3793 | D:5      | Reached skill level 5 in Shields
  3844 | D:4      | Reached skill level 5 in Axes
  4130 | D:5      | Reached XP level 8. HP: 15/51 MP: 8/8
  5041 | D:5      | Noticed a komodo dragon
  5054 | D:5      | Slain by a komodo dragon

Illustrated notes

Levels and vault maps discovered:
D:1:      amcnicky_arrival_choice, layout_rooms, hangedman_glass_teeth,
          lemuel_old_faithful
D:2:      layout_rooms, hellmonk_ecumenical_altar_inner_sanctum, uniq_jessica,
          uniq_crazy_yiuf_cottage
D:3:      layout_rooms
D:4:      layout_loops_ring, uniq_eustachio
D:5:      layout_loops_cross, uniq_prince_ribbit1

Skill      XL: |  1  2  3  4  5  6  7  8 |
---------------+-------------------------+-----
Axes           | 2 3 4 5 6 |  6.5
Shields        | 4 5 6 |  6.2
Armour         | 4 5 6 |  6.2
Fighting       | 4 5 6 |  6.2

Action                   |  1- 3 |  4- 6 |  7- 9 || total
-------------------------+-------+-------+-------++-------
Melee: War axe           |    99 |   154 |   188 ||   441
  Use: Potion            |       |       |     1 ||     1
Armor: Scale mail        |    65 |   132 |   148 ||   345
Dodge: Dodged            |    50 |    78 |   103 ||   231
Block: Buckler           |    17 |    43 |    58 ||   118
